 Dungeon Crawl Stone Soup version 0.31-a0-431-g88bdf31460 (webtiles) character file.

Game seed: 5787192331555717459

1944 Crownlay the Shield-Bearer (level 8, -7/81 HPs)
             Began as a Troll Fighter on July 31, 2023.
             Was a Priest of Cheibriados.
             Mangled by an orc warrior
             ... wielding a +0 mace
              (10 damage)
             ... on level 6 of the Dungeon.
             The game lasted 00:11:44 (5078 turns).

Crownlay the Shield-Bearer (Troll Fighter)          Turns: 5078, Time: 00:11:44

Health: -7/81      AC:  8    Str: 33    XL:     8   Next: 98%
Magic:  6/9        EV: 11    Int: 10    God:    Cheibriados [***...]
Gold:   276        SH: 10    Dex: 15    Spells: 7/7 levels left

rFire   . . .        a - +0 flail
rCold   . . .        c - +0 kite shield
rNeg    . . .        b - +0 robe
rPois   +            (helmet restricted)
rElec   .            (no cloak)
rCorr   .            (gloves unavailable)
SInv    .            (boots unavailable)
Will    .....        (no amulet)
Stlth   +            e - ring of poison resistance
HPRegen 1.13/turn    h - +4 ring of protection
MPRegen 0.11/turn

%: no passive effects
@: very slow
A: large, unfitting armour, claws 3, regeneration 1, shaggy fur 1, tough skin 1
a: Renounce Religion, Bend Time, Temporal Distortion


You were on level 6 of the Dungeon.
You worshipped Cheibriados.
Cheibriados was most pleased with you.
You visited 1 branch of the dungeon, and saw 7 of its levels.
You also visited: Sewer and Ossuary.

You collected 423 gold pieces.
You spent 147 gold pieces at shops.

Inventory:

Hand Weapons
 a - a +0 flail (weapon)
Missiles
 A - 2 throwing nets
Armour
 b - a +0 robe (worn)
 c - a +0 kite shield (worn)
Jewellery
 e - a ring of poison resistance (left claw)
 h - a +4 ring of protection (right claw)
 o - a ring of flight
 p - a ring of resist corrosion
Wands
 y - a wand of acid (14)
Scrolls
 j - a scroll of acquirement {unknown}
 k - 2 scrolls of teleportation
 l - 3 scrolls of blinking
 n - 2 scrolls of poison
 q - 3 scrolls of enchant armour
 t - 4 scrolls of summoning
 u - 3 scrolls of fear
 v - 2 scrolls of immolation
 w - 8 scrolls of noise
 x - a scroll of brand weapon {unknown}
Potions
 d - 2 potions of might
 f - a potion of haste {unknown}
 g - 4 potions of curing
 i - 3 potions of resistance {unknown}
 m - a potion of brilliance {unknown}
 r - a potion of lignification {unknown}
 s - a potion of berserk rage {unknown}
 z - 3 potions of mutation {unknown}


   Skills:
 + Level 5.5 Fighting
 - Level 4.0 Maces & Flails
 + Level 5.2 Dodging
 + Level 5.9 Shields
 + Level 3.8 Invocations


You had 7 spell levels left.
You didn't know any spells.
Your spell library contained the following spells:

 Spells                   Type           Power      Damage    Failure   Level
 Static Discharge         Conj/Air       0%         2-2/arc   67%         2
 Vhi's Electric Charge    Tloc/Air       0%         N/A       88%         3
 Airstrike                Air            0%         2d(0-16)  99%         4
 Animate Armour           Summ/Erth      0%         N/A       99%         4
 Summon Lightning Spire   Summ/Air       0%         N/A       99%         4
 Arcjolt                  Conj/Air       0%         1d10      100%        5
 Lee's Rapid Deconstruct  Erth           0%         3d4*      100%        5
 Maxwell's Capacitive Co  Air            0%         ∞         100%        8


Dungeon Overview and Level Annotations

Branches:
Dungeon (7/15)             Temple (0/1) D:6           Sewer (visited)
Ossuary (visited)

Altars:
Ashenzari
Cheibriados
Dithmenos
Fedhas
Okawaru
Wu Jian
Xom

Shops:
D:4 [?((


Innate Abilities, Weirdness & Mutations

You are too large for most types of armour.
You have claws for hands.
Your natural rate of healing is unusually fast.
You are covered in fur. (AC +1)
You have tough skin. (AC +1)


Message History

There is a stone staircase leading down here.
You closely miss the orc warrior.
The orc warrior is heavily wounded.
The orc warrior hits you with a +0 mace.
The orc priest calls upon Beogh to heal the orc warrior.
The orc warrior is healed somewhat.
You block the orc warrior's attack.
You hit the orc warrior.
The orc warrior is moderately wounded.
The orc warrior hits you with a +0 mace.
The orc priest invokes the aid of Beogh against you.
Beogh smites you!
* * * LOW HITPOINT WARNING * * *
The orc warrior barely misses you. The orc priest closely misses you.
You block the orc warrior's attack. x2
The flow of time bends around you.
Cheibriados rebukes the orc priest.
The orc priest seems to slow down.
Cheibriados rebukes the orc warrior.
The orc warrior seems to slow down.
The orc warrior resists with some effort.
Cheibriados lowers the support of your attributes as your movement quickens.
The orc warrior barely misses you.
You barely miss the orc priest.
The orc priest hits you but does no damage.
You block the orc warrior's attack. x2
You closely miss the orc priest.
The orc warrior hits you with a +0 mace.
* * * LOW HITPOINT WARNING * * *
The orc warrior barely misses you.
The orc priest hits you but does no damage.
You thump the orc priest!
The orc priest is almost dead.
The orc warrior hits you with a +0 mace.
* * * LOW HITPOINT WARNING * * *
The orc priest calls down the wrath of Beogh upon you.
Beogh smites you!
* * * LOW HITPOINT WARNING * * *
You block the orc warrior's attack.
The orc warrior hits you with a +0 mace!
You die...

.#.........'.....#...#........#
.#.....<...#.....#....#######.#
#####......#....##..>.# ###.###
....#......#....####'## ##......
....#......#######....# ##..≈.≈≈≈
....+............#....# #...≈....
#+###............+...####.#.≈.≈..
......#####....oo#...#......≈.≈._
......'...#.....@#...#...)..≈.≈..
......#...#....o.#...#......≈....
......#...#......#...+......≈.≈≈≈
......#...#......'...#...........
......#####......###+#...........
###'#####.######............#####
#......#.......#............#
+......#.......'.......)....#
#......#.......#............#


You could see 2 orc warriors and an orc priest (slow).

Vanquished Creatures
  Grinder (D:3)
  3 water moccasins
  An ice beast (D:4)
  2 black bears
  A centaur (D:5)
  A phantom (D:4)
  Blork the orc (D:5)
  A bullfrog (Sewer)
  A scorpion (D:6)
  A jelly (D:6)
  2 centaur zombies (Ossuary)
  A human zombie (Ossuary)
  2 hounds
  2 orc priests (D:5)
  4 iguanas
  2 orc wizards (D:4)
  4 mummies (Ossuary)
  Robin (D:2)
  6 gnolls (D:4)
  11 adders
  A white imp (D:6)
  2 ufetubi
  3 worms
  7 dart slugs
  8 orcs
  7 ball pythons
  15 endoplasms
  18 giant cockroaches
  15 goblins
  15 hobgoblins
  6 jackals
  10 kobolds
  6 quokkas
  6 bats
  15 frilled lizards
  A gnoll zombie (Ossuary)
  3 goblin zombies (Ossuary)
  A hobgoblin zombie (Ossuary)
  10 rats
197 creatures vanquished.

Notes
Turn   | Place    | Note
-------+----------+-------------------------------------------
     0 | D:1      | Crownlay the Troll Fighter began the quest for the Orb.
     0 | D:1      | Reached XP level 1. HP: 22/22 MP: 0/0
    40 | D:1      | Reached XP level 2. HP: 27/29 MP: 1/1
   279 | D:1      | Reached XP level 3. HP: 36/36 MP: 2/2
   610 | D:2      | Noticed Robin
   633 | D:2      | Killed Robin
   655 | D:2      | Reached XP level 4. HP: 45/45 MP: 3/3
  1234 | D:3      | Found a glowing drain.
  1245 | Sewer    | Entered a sewer
  1323 | Sewer    | Reached XP level 5. HP: 51/53 MP: 4/4
  1591 | Sewer    | Reached XP level 6. HP: 31/61 MP: 5/5
  1703 | D:3      | Found a blossoming altar of Fedhas.
  1705 | D:3      | Found an iron altar of Okawaru.
  1866 | D:3      | Noticed Grinder
  1876 | D:3      | Killed Grinder
  1919 | D:3      | Found a faded altar of an unknown god.
  1937 | D:3      | Prayed at the altar of an unknown god.
  1937 | D:3      | Became a worshipper of Cheibriados the Contemplative
  1937 | D:3      | Reached * piety under Cheibriados
  2314 | D:4      | Found Junniv's Magic Scroll Emporium.
  2340 | D:4      | Bought a scroll of enchant armour for 105 gold pieces
  2340 | D:4      | Bought a scroll of teleportation for 42 gold pieces
  2350 | D:4      | Found Nitolor's Weapon Shop.
  2383 | D:4      | Found Alaolihy's Armour Shoppe.
  2424 | D:4      | Reached XP level 7. HP: 65/70 MP: 6/6
  2477 | D:4      | Reached ** piety under Cheibriados
  2508 | D:4      | Reached skill level 1 in Invocations
  2672 | D:4      | Found Meshrorih's Antique Weapon Emporium.
  3066 | D:5      | Entered Level 5 of the Dungeon
  3124 | D:5      | Reached skill level 5 in Shields
  3124 | D:5      | Reached XP level 8. HP: 59/79 MP: 8/8
  3140 | D:5      | Found a shimmering altar of Xom.
  3233 | D:5      | Noticed Blork the orc
  3246 | D:5      | Killed Blork the orc
  3259 | D:5      | Found a sand-covered staircase.
  3279 | Ossuary  | Entered an ossuary
  3411 | Ossuary  | Reached skill level 5 in Fighting
  3728 | D:5      | HP: 1/80 [orc priest/divine providence (13)]
  4005 | D:5      | Found a shadowy altar of Dithmenos.
  4185 | D:5      | Found an ornate altar of the Wu Jian Council.
  4279 | D:6      | Found a staircase to the Ecumenical Temple.
  4309 | D:6      | Reached *** piety under Cheibriados
  4313 | D:6      | Found a broken altar of Ashenzari.
  4387 | D:6      | Reached skill level 5 in Dodging
  5078 | D:6      | HP: 3/81 [orc priest/divine providence (11)]
  5078 | D:6      | Mangled by an orc warrior

Illustrated notes

Levels and vault maps discovered:
D:1:      dpeg_arrival_long_road, layout_basic, minmay_tetromino_o2
D:2:      layout_basic, uniq_robin
D:3:      layout_loops_ring, mainiacjoe_overflow_catwalk_spiral,
          portal_sewer_entry_d, hellmonk_ecumenical_altar_arch_garden,
          kennysheep_cluttered_room, uniq_grinder
D:4:      layout_loops_cross, serial_shops,
          nicolae_shop_competitors_out_of_business, nicolae_shop_peninsula,
          nicolae_shop_statue_plus, shop
D:5:      layout_cave_pools, kennysheep_mini_moat, xom_butterflies,
          nicolae_wu_jian_immortal_techniques, nicolae_ossuary_entry_ruins,
          kennysheep_small_spiral, corexii_item_surrounded_by_moat,
          uniq_blork_the_orc
D:6:      layout_gridville, mainiacjoe_overflow_cross_hatched,
          minmay_temple_entry_butterflies, nicolae_houndstooth_variations
D:7:      layout_basic, serial_shops, nicolae_shop_window_shopping,
          nicolae_shop_pleasant_corner_grove, kennysheep_crisscross,
          uniq_crazy_yiuf_cottage, uniq_menkaure

Skill      XL: |  1  2  3  4  5  6  7  8 |
---------------+-------------------------+-----
Maces & Flails | 2 3 4 |  4.0
Fighting       | 3 4 5 |  5.5
Shields        | 3 4 5 |  5.9
Dodging        | 3 4 5 |  5.2
Invocations    | 2 3 |  3.8

Action                     |  1- 3 |  4- 6 |  7- 9 || total
---------------------------+-------+-------+-------++-------
  Melee: Flail             |   137 |   326 |   337 ||   800
 Invoke: Bend Time         |       |       |     2 ||     2
    Use: Scroll            |       |     4 |     3 ||     7
         Potion            |       |       |     1 ||     1
   Stab: Distracted        |       |     1 |     1 ||     2
         Sleeping          |       |       |     4 ||     4
 Armour: Robe              |    68 |   189 |   137 ||   394
  Dodge: Dodged            |    91 |   210 |   134 ||   435
  Block: Kite shield       |    86 |   188 |   194 ||   468

Table legend: (Time is in decaauts)
 A = Elapsed time spent in this place.
 B = Non-inter-level travel time spent in this place.
 C = Inter-level travel time spent in this place.
 D = Time resting spent in this place.
 E = Time spent auto-exploring this place.
 F = Levels seen in this place.
 G = Mean time per level.
                   A        B        C        D        E       F      G
               +--------+--------+--------+--------+--------+-----+--------+
         Total |   6571 |   6366 |    205 |      0 |   4382 |   9 |  730.1 |
       Dungeon |   5560 |   5355 |    205 |      0 |   3951 |   7 |  794.3 |
         Sewer |    480 |    480 |      0 |      0 |    116 |   1 |  480.0 |
       Ossuary |    531 |    531 |      0 |      0 |    315 |   1 |  531.0 |
               +--------+--------+--------+--------+--------+-----+--------+

Top non-repeatable levels by time:
     D:6: 1174 daAuts
     D:5: 1167 daAuts
     D:4: 1058 daAuts
     D:3: 868 daAuts
     D:2: 637 daAuts
     D:1: 625 daAuts
 Ossuary: 531 daAuts
   Sewer: 480 daAuts
     D:7: 27 daAuts
